 Dungeon Crawl Stone Soup version 0.28.0 (webtiles) character file.

Game seed: 9571665948868281903

3265 themarg the Protected (level 9, -1/75 (79) HPs)
             Began as a Minotaur Berserker on Feb 18, 2022.
             Was a Priest of Trog.
             Slain by a wight (3 damage)
             ... on level 7 of the Dungeon.
             The game lasted 00:19:47 (7197 turns).

themarg the Protected (Minotaur Berserker)          Turns: 7197, Time: 00:19:48

HP:   -1/75 (79)    AC:  8    Str: 25    XL:     9   Next: 68%
MP:   8/8           EV: 12    Int:  4    God:    Trog [***...]
Gold: 266           SH:  0    Dex: 11    Spells: 8/8 levels left

rFire   + . .      SeeInvis +   i - +2 spear (vorpal)
rCold   x . .      Faith    .   (no shield)
rNeg    . . .      Spirit   .   j - +0 scale mail
rPois   .          Reflect  .   (helmet restricted)
rElec   .          Harm     .   (no cloak)
rCorr   .          Rampage  .   (no gloves)
Will    .....                   (no boots)
Stlth   ..........              (no amulet)
HPRegen 0.22/turn               f - ring of fire
MPRegen 0.11/turn               m - ring of see invisible

@: on berserk cooldown, slowed, drained, very slow
A: horns 2, retaliatory headbutt
a: Renounce Religion, Berserk, Trog's Hand


You were on level 7 of the Dungeon.
You worshipped Trog.
Trog was most pleased with you.
You visited 1 branch of the dungeon, and saw 7 of its levels.

You collected 266 gold pieces.

Inventory:

Hand Weapons
 c - a +2 dagger of venom
 i - a +2 vorpal spear (weapon)
Missiles
 d - 205 stones (quivered)
Armour
 j - a +0 scale mail (worn)
Jewellery
 f - a ring of fire (left hand)
 m - a ring of see invisible (right hand)
 w - a ring of poison resistance
Wands
 s - a wand of digging (2)
 A - a wand of flame (10)
Scrolls
 b - a scroll of acquirement {unknown}
 e - 5 scrolls of identify {unknown}
 h - a scroll of enchant armour {unknown}
 k - 2 scrolls of amnesia {unknown}
 n - 2 scrolls of teleportation {unknown}
 p - a scroll of blinking {unknown}
 q - a scroll of holy word {unknown}
 r - a scroll of immolation {unknown}
 v - a scroll of fear {unknown}
 y - a scroll of enchant weapon {unknown}
Potions
 a - 2 potions of attraction {unknown}
 g - a potion of invisibility {unknown}
 l - 3 potions of lignification {unknown}
 o - a potion of degeneration {unknown}
 t - a potion of haste
 u - a potion of ambrosia {unknown}
 x - 2 potions of curing {unknown}
 z - a potion of berserk rage {unknown}


   Skills:
 + Level 7.4 Fighting
 + Level 6.2 Short Blades
 + Level 4.9 Maces & Flails
 + Level 3.4 Polearms
 + Level 9.9 Armour
 + Level 6.9 Dodging
 + Level 2.2 Stealth


You had 8 spell levels left.
You didn't know any spells.
Your spell library was empty.

Dungeon Overview and Level Annotations

Branches:
Dungeon (7/15)             Temple (0/1) D:4

Altars:
Dithmenos
Gozag
Uskayaw
Xom
Zin

Shops:
D:1 *   D:6 (


Innate Abilities, Weirdness & Mutations

You have a pair of horns on your head.
You reflexively headbutt those who attack you in melee.


Message History

The four-headed hydra bites you. The four-headed hydra bites you!
You barely miss the four-headed hydra.
The four-headed hydra is moderately wounded.
The four-headed hydra bites you. x3; The four-headed hydra bites you!
You puncture the four-headed hydra!
The four-headed hydra is heavily wounded.
You hit the four-headed hydra. You headbutt the four-headed hydra!
The four-headed hydra is severely wounded.
The four-headed hydra bites you. x3
The four-headed hydra bites you but does no damage.
You puncture the four-headed hydra!
The four-headed hydra is almost dead.
The four-headed hydra barely misses you.
The four-headed hydra bites you! The four-headed hydra bites you.
The four-headed hydra bites you!
* * * LOW HITPOINT WARNING * * *
You puncture the four-headed hydra!
You kill the four-headed hydra!
Trog accepts your kill.
Your Polearms skill gained 2 levels and is now at level 3!
You see here a hydra corpse. 3 wights come into view.
You feel a strong urge to attack something.
You are no longer berserk.
You are exhausted.
You feel yourself slow down.
Reach: i) +2 spear (vorpal)
Press: ? - help, Dir - move target, f - wight
Aim: a wight, wielding a +5 halberd and wearing a +0 robe (about 35% to evade your +2 vorpal spear)
You reach to attack!
You hit the wight.
The wight is moderately damaged.
The wight barely misses you.
The wight hits you from afar with a +5 halberd.
* * * LOW HITPOINT WARNING * * *
You feel drained.
* * * LOW HITPOINT WARNING * * *
The wight hits you with a +3 great sword!
* * * LOW HITPOINT WARNING * * *
You feel drained.
You die...

.#########...........
.>................#
.#########..#...### ##
#.......# # #.###.#.# #
#.###.#.### #
#.##......#####..
#.##...†#z....... ##
..##...@zz....... .#
#....#....)... .#
#.#[##.#####.. .#
########.#.##.# .#
#[....##......#
.#####.....####.#### .
...........# #.# ...#
#..###.....#
#.########... # #..#
#.....####......##...##
# #.


You could see 3 wights.

Vanquished Creatures
  A hydra (D:7)
  Sigmund (D:6)
  A hornet zombie (D:6)
  A black bear (D:6)
  An orc warrior (D:6)
  2 ice beasts
  A sky beast (D:6)
  2 ogres (D:5)
  2 necrophages
  A centaur (D:7)
  2 scorpions
  A wyvern skeleton (D:7)
  A water moccasin skeleton (D:5)
  4 wights (D:6)
  A howler monkey (D:6)
  2 bullfrog zombies (D:5)
  2 centaur zombies (D:6)
  3 hounds
  3 orc priests
  Crazy Yiuf (D:6)
  2 centaur skeletons
  A jelly (D:4)
  3 iguanas
  3 orc wizards
  2 howler monkey skeletons
  3 gnolls (D:3)
  10 adders
  A shadow imp (D:6)
  A white imp (D:6)
  An ufetubus (D:5)
  An adder skeleton (D:4)
  2 dart slugs
  18 orcs
  7 bats
  4 endoplasms
  6 goblins
  2 hobgoblins (D:3)
  8 jackals (D:1)
  2 quokkas
  5 ball pythons
  3 frilled lizards
  4 kobolds
  A rat (D:1)
123 creatures vanquished.

Vanquished Creatures (others)
  21 plants (D:1)
21 creatures vanquished.

Grand Total: 144 creatures vanquished

Notes
Turn   | Place    | Note
-------+----------+-------------------------------------------
     0 | D:1      | themarg the Minotaur Berserker began the quest for the Orb.
     0 | D:1      | Reached XP level 1. HP: 19/19 MP: 0/0
   249 | D:1      | Reached XP level 2. HP: 17/27 MP: 1/1
   460 | D:1      | Found a faded altar of an unknown god.
  1059 | D:1      | Reached XP level 3. HP: 33/33 MP: 2/2
  1069 | D:1      | Reached ** piety under Trog
  1071 | D:1      | Found Tononun's General Store.
  1335 | D:2      | You fall into a shaft and drop 1 floor!
  1565 | D:3      | Noticed a scorpion
  1571 | D:3      | Killed a scorpion
  1572 | D:3      | Reached skill level 1 in Short Blades
  1572 | D:3      | Reached XP level 4. HP: 31/41 MP: 3/3
  1688 | D:3      | Reached XP level 5. HP: 47/47 MP: 4/4
  2072 | D:3      | Reached skill level 5 in Fighting
  2623 | D:4      | Found a staircase to the Ecumenical Temple.
  2728 | D:4      | Reached skill level 3 in Armour
  2738 | D:4      | Reached XP level 6. HP: 39/56 MP: 5/5
  3052 | D:4      | Noticed an ice beast
  3059 | D:4      | Reached skill level 1 in Stealth
  3077 | D:4      | Killed an ice beast
  3545 | D:5      | Entered Level 5 of the Dungeon
  3566 | D:5      | Reached skill level 4 in Armour
  3679 | D:5      | Reached XP level 7. HP: 61/61 MP: 6/6
  3686 | D:5      | Reached *** piety under Trog
  3917 | D:5      | Reached skill level 5 in Armour
  4803 | D:6      | Reached skill level 6 in Armour
  4803 | D:6      | Reached XP level 8. HP: 70/70 MP: 7/7
  4909 | D:6      | Reached skill level 5 in Short Blades
  4909 | D:6      | Reached skill level 7 in Armour
  4909 | D:6      | Reached skill level 5 in Dodging
  5153 | D:6      | Found Vomuiv's Weapon Shoppe.
  5394 | D:6      | Reached skill level 8 in Armour
  5618 | D:6      | Reached XP level 9. HP: 78/78 MP: 8/8
  5622 | D:6      | Found a glowing silver altar of Zin.
  5623 | D:6      | Found an opulent altar of Gozag.
  5623 | D:6      | Found a shadowy altar of Dithmenos.
  5624 | D:6      | Found a shimmering altar of Xom.
  5626 | D:6      | Found a hide-covered altar of Uskayaw.
  5723 | D:6      | Found a runed translucent door.
  5724 | D:6      | Noticed Crazy Yiuf
  6185 | D:6      | Noticed Sigmund
  6195 | D:6      | Killed Sigmund
  6196 | D:6      | Reached skill level 1 in Polearms
  6661 | D:6      | Killed Crazy Yiuf
  7113 | D:7      | Reached skill level 9 in Armour
  7180 | D:7      | Noticed a four-headed hydra
  7189 | D:7      | Killed a four-headed hydra
  7197 | D:7      | HP: 2/78 [wight (16)]
  7197 | D:7      | Slain by a wight

Illustrated notes

Levels and vault maps discovered:
D:1:      roderic_crop_circles_arrival_small, layout_rooms,
          hellmonk_ecumenical_altar_heavens_door, serial_shops, shop
D:2:      layout_rooms, serial_shops, nicolae_shop_bloodbath_and_beyond
D:3:      layout_loops_corners
D:4:      layout_rooms, lemuel_temple_firewalk_a, minmay_circle_x
D:5:      minmay_angry_zag, layout_gridville
D:6:      kennysheep_spiral_hall, layout_loops_ring, minitemple, serial_shops,
          nicolae_shop_trees, uniq_crazy_yiuf_cottage, uniq_sigmund
D:7:      layout_loops_cross, chequers_ossuary_entry_cave, uniq_duvessa

Skill      XL: |  1  2  3  4  5  6  7  8  9 |
---------------+----------------------------+-----
Maces & Flails | 4 |  4.9
Fighting       | 4 5 6 7 |  7.4
Short Blades   | 1 2 3 4 5 6 |  6.2
Dodging        | 3 4 5 6 |  6.9
Armour         | 3 4 6 8 9 |  9.9
Stealth        | 1 2 |  2.2
Polearms       | 3 |  3.4

Action                   |  1- 3 |  4- 6 |  7- 9 || total
-------------------------+-------+-------+-------++-------
Melee: Mace              |     9 |       |       ||     9
       Dagger            |    57 |    93 |   142 ||   292
       Headbutt          |     6 |    22 |    68 ||    96
       Punch             |       |     2 |     3 ||     5
       Spear             |       |       |    84 ||    84
Invok: Berserk           |     2 |     1 |     4 ||     7
 Stab: Sleeping          |     1 |       |       ||     1
Armor: Animal skin       |     8 |       |       ||     8
       Leather armour    |     2 |     2 |       ||     4
       Scale mail        |       |    21 |    77 ||    98
Dodge: Dodged            |    51 |    43 |   107 ||   201
